Map: Lerilak Crest

Players

LilDicky - Winner!

  • Race: Terran Terran
  • League: Diamond

TheRock

  • Race: Terran Terran
  • League: Diamond

VOD

http://www.twitch.tv/tumescentpie

Description

Time

  • Played on: Dec. 20, 2015, 12:21 p.m.
  • Length: 6:09
Show
View Real Time Build Order
Export as new Build Order

LilDicky Terran - Winner!

Build Orders: MMM Bio 

Get SALT Encoding   

  12  0:02  SCV  
  14  0:14  SCV  
  14  0:22  Supply Depot  
  14  0:32  SCV  
  15  0:46  Refinery  
  15  0:48  Barracks  
  15  0:50  SCV  
  16  1:02  SCV  
  17  1:14  SCV  
  18  1:26  SCV  
  19  1:37  Marine  
  19  1:39  Supply Depot  
  21  1:42  Orbital Command  
  20  1:56  Barracks  
  20  1:58  Barracks  
  20  2:02  Factory  
  20  2:16  SCV  
  20  2:21  Barracks Reactor, Refinery  
  21  2:28  Supply Depot  
  21  2:30  SCV  
  22  2:49  Barracks Tech Lab  
  22  2:50  Barracks Tech Lab  
  22  2:56  SCV  
  23  3:01  Marine x2  
  25  3:08  SCV, Widow Mine  
  28  3:14  Supply Depot  
  28  3:15  Stimpack  
  28  3:19  Combat Shields  
  28  3:21  Marine x2  
  29  3:29  Marine x2  
  29  3:31  SCV  
  34  3:48  Marine  
  34  3:49  Marine  
  34  3:51  Supply Depot  
  34  3:52  Marine  
  35  3:57  Marine  
  34  4:05  SCV  
  34  4:06  Marine  
  34  4:07  Factory  
  34  4:08  Starport  
  36  4:10  Marine  
  36  4:13  Marine  
  38  4:20  Marine  
  39  4:24  Marine  
  39  4:28  Marine  
  41  4:35  SCV  
  41  4:37  Marauder  
  43  4:39  Marauder  
  43  4:42  Marine  
  43  4:44  Medivac  
  48  5:08  Marine x2  
  48  5:09  Marine x2  
  46  5:26  Marine x2  
  46  5:27  Marauder  
  40  5:42  Marine  
  34  5:44  Marine  
Show
View Real Time Build Order
Export as new Build Order

TheRock Terran 

Build Orders: 1/1/1, Liberator Opening 

Get SALT Encoding   

  12  0:00  SCV  
  13  0:13  SCV  
  14  0:17  Supply Depot  
  14  0:25  Refinery  
  14  0:28  SCV  
  15  0:40  SCV  
  16  0:46  Barracks  
  16  0:53  SCV  
  17  1:05  SCV  
  18  1:17  SCV  
  19  1:33  Marine, Orbital Command  
  19  1:35  Factory  
  19  1:37  Refinery  
  20  1:43  Supply Depot  
  20  1:51  Marine  
  21  2:03  SCV  
  22  2:09  Marine  
  23  2:16  SCV  
  24  2:23  Starport  
  24  2:26  Marine  
  24  2:28  SCV, Factory Tech Lab  
  26  2:40  SCV  
  27  2:44  Marine  
  27  2:49  Supply Depot  
  27  2:51  Siege Tank  
  31  3:10  Marine  
  31  3:11  Medivac  
  34  3:15  Supply Depot  
  34  3:23  Liberator  
  34  3:37  Command Center  
  36  4:14  Siege Tank  
  38  4:31  SCV  
  39  4:40  Marine  
  39  4:43  SCV  
  41  4:46  Siege Tank  
  44  5:18  Siege Tank  
  37  5:30  Marine  
  37  5:32  SCV  
  31  5:44  SCV  
Tags
 
Add a new tag
Caveats
  • Supply blocks, unpowered buildings, or Contaminate may cause inaccurate times.
  • Supply counts are checked every 10 seconds.